 Dungeon Crawl Stone Soup version 0.20.1-1-g8b1a95d (webtiles) character file.

177 vishdafish the Covered (level 5, 0/41 HPs)
             Began as a Demonspawn Fighter on July 3, 2017.
             Succumbed to an adder's poison
             ... on level 4 of the Dungeon.
             The game lasted 00:05:53 (2724 turns).

vishdafish the Covered (Demonspawn Fighter)         Turns: 2724, Time: 00:05:53

Health: 0/41       AC:  7    Str: 23    XL:     5   Next: 30%
Magic:  5/5        EV:  7    Int:  9    God:
Gold:   183        SH:  9    Dex: 12    Spells: 4/4 levels left

rFire    . . .     SeeInvis .   a - +0 trident
rCold    . . .     Gourm    .   c - +0 shield
rNeg     . . .     Faith    .   b - +1 scale mail
rPois    .         Spirit   .   (helmet restricted)
rElec    .         Reflect  .   (no cloak)
rCorr    .         Harm     .   (no gloves)
MR       .....                  (no boots)
Stlth    ..........             (no amulet)
Regen    0.2/turn               (no ring)
MPRegen  0.1/turn               (no ring)

@: mighty, lethally poisoned (0 -> -2)
A: claws 1, horns 1, demonic guardian 1
a: no special abilities


You were on level 4 of the Dungeon.
You were not hungry.

You visited 1 branch of the dungeon, and saw 4 of its levels.

You collected 183 gold pieces.

Inventory:

Hand Weapons
 a - a +0 trident (weapon)
Armour
 b - a +1 scale mail (worn)
 c - a +0 shield (worn)
Jewellery
 j - an uncursed ring of protection from fire {unknown}
Wands
 q - a wand of polymorph (12/24)
Scrolls
 e - 4 scrolls of identify {unknown}
 h - 3 scrolls of remove curse {unknown}
 k - a scroll of enchant armour
 l - a scroll of enchant weapon {unknown}
 p - 3 scrolls of fear {unknown}
 t - a scroll of noise {unknown}
 u - a scroll of immolation {unknown}
Comestibles
 f - 3 bread rations
 g - 5 fruits
 i - 2 meat rations
 o - a royal jelly


   Skills:
 - Level 3.1 Fighting
 - Level 1.9 Polearms
 + Level 3.6 Armour
 + Level 3.6 Shields
 * Level 2.7 Unarmed Combat


You had 4 spell levels left.
You didn't know any spells.

Dungeon Overview and Level Annotations

Branches:
Dungeon (4/15)
 Temple: D:4-7

Altars:
Vehumet


Innate Abilities, Weirdness & Mutations

You have sharp fingernails.
You have a pair of small horns on your head.
A weak demonic guardian rushes to your aid.


Message History

That's the wrong kind of item! (Use * to select it.) Evoke which item? (* to show all) (? for menu, Esc to quit)
Okay, then.
Evoke which item? (* to show all) (? for menu, Esc to quit)
Okay, then.
As you read the scroll labeled QIHE KAFEBUON, it crumbles to dust.
It is a scroll of enchant armour.
Your +0 scale mail glows green for a moment.
The hound bites you but does no damage.
Your white imp hits the hound but does no damage.
You hit the hound. You headbutt the hound.
You kill the hound!
There is a lethal amount of poison in your body!
* * * LOW HITPOINT WARNING * * *
You feel sick.
You climb downwards.
Your summoned ally is left behind.
You block the frilled lizard's attack.
There is a stone staircase leading up, spattered with blood here.
You barely miss the frilled lizard.
You die...

##### ##.
##@.?#....(
#.l.......#
#...........
#...........
#.>.........
##.........#
##.......##
####.#....
.#....


You could see a frilled lizard.

Vanquished Creatures
  A jelly (D:4)
  A hound (D:3)
  3 adders
  2 oozes (D:2)
  A worm (D:2)
  2 dart slugs
  5 leopard geckos
  3 orcs (D:3)
  3 bats
  6 giant cockroaches
  11 hobgoblins
  12 kobolds
  A quokka (D:3)
  11 frilled lizards
  6 goblins
  6 rats
74 creatures vanquished.

Vanquished Creatures (others)
  A rat (D:2)
1 creature vanquished.

Grand Total: 75 creatures vanquished

Notes
Turn   | Place    | Note
-------+----------+-------------------------------------------
     0 | D:1      | vishdafish the Demonspawn Fighter began the quest for the Orb.
     0 | D:1      | Reached XP level 1. HP: 18/18 MP: 1/1
   119 | D:1      | Gained mutation: You have sharp fingernails. [demonic ancestry]
   119 | D:1      | Reached XP level 2. HP: 12/24 MP: 2/2
   814 | D:2      | Reached skill level 1 in Unarmed Combat
   822 | D:2      | Gained mutation: You have a pair of small horns on your head. [demonic ancestry]
   822 | D:2      | Reached XP level 3. HP: 26/29 MP: 3/3
  1412 | D:2      | Found a radiant altar of Vehumet.
  1534 | D:2      | Gained mutation: A weak demonic guardian rushes to your aid. [demonic ancestry]
  1534 | D:2      | Reached XP level 4. HP: 35/35 MP: 4/4
  2705 | D:4      | Reached XP level 5. HP: 19/41 MP: 5/5
  2718 | D:3      | HP: 2/41 [poisoned by an adder]
  2724 | D:4      | Succumbed to an adder's poison

Skill      XL: |  1  2  3  4 |
---------------+-------------+-----
Armour         | 3 |  3.6
Unarmed Combat | 1 2 |  2.7
Shields        | 3 |  3.6
Fighting       | |  3.1
Polearms       | |  1.9

Action                   |  1- 3 |  4- 6 || total
-------------------------+-------+-------++-------
Melee: Trident           |   122 |    92 ||   214
       Headbutt          |     5 |    14 ||    19
  Use: Potion            |       |     4 ||     4
       Scroll            |       |     1 ||     1
  Eat: Chunk             |     2 |     2 ||     4
       Bread ration      |       |     1 ||     1
Armor: Scale mail        |    43 |    30 ||    73
Dodge: Dodged            |    31 |    35 ||    66
Block: Shield            |    38 |    56 ||    94
